 Dungeon Crawl Stone Soup version 0.28.0-45-g0d030f2227 (webtiles) character file.

Game seed: 11610140928488799824

226 Peloso the Covered (level 5, 0/47 HPs)
             Began as a Minotaur Fighter on Apr 9, 2022.
             Slain by an orc wizard
             ... wielding a +0 dagger
              (3 damage)
             ... on level 3 of the Dungeon.
             The game lasted 00:03:11 (2085 turns).

Peloso the Covered (Minotaur Fighter)               Turns: 2085, Time: 00:03:12

Health: 0/47       AC:  8    Str: 20 (21) XL:     5   Next: 69%
Magic:  4/4        EV: 10    Int:  2 (5)  God:
Gold:   125        SH:  4    Dex: 10 (11) Spells: 4/4 levels left

rFire   . . .      SeeInvis .   a - +0 long sword
rCold   . . .      Faith    .   c - +0 buckler
rNeg    . . .      Spirit   .   b - +0 scale mail
rPois   .          Reflect  .   (helmet restricted)
rElec   .          Harm     .   s - +0 cloak
rCorr   .          Rampage  .   (no gloves)
Will    .....                   (no boots)
Stlth   ..........              (no amulet)
HPRegen 0.15/turn               (no ring)
MPRegen 0.09/turn               (no ring)

@: no status effects
A: horns 2, retaliatory headbutt
a: no special abilities


You were on level 3 of the Dungeon.
You visited 1 branch of the dungeon, and saw 3 of its levels.

You collected 125 gold pieces.

Inventory:

Hand Weapons
 a - a +0 long sword (weapon)
Armour
 b - a +0 scale mail (worn)
 c - a +0 buckler (worn)
 s - a +0 cloak (worn)
Jewellery
 f - a ring of flight
 g - a ring of protection from cold
 h - a ring of see invisible
Scrolls
 e - a scroll of vulnerability {unknown}
 i - a scroll of silence {unknown}
 j - a scroll of teleportation {unknown}
 l - a scroll of fog {unknown}
 n - a scroll of blinking {unknown}
 p - a scroll of identify {unknown}
 r - a scroll of immolation {unknown}
Potions
 d - a potion of might
 k - a potion of degeneration
 m - 2 potions of heal wounds {unknown}
 o - a potion of resistance {unknown}
 q - 2 potions of curing {unknown}


   Skills:
 + Level 4.6 Fighting
 + Level 4.1 Long Blades
 + Level 5.5 Armour
 + Level 1.9 Dodging
 + Level 4.1 Shields


You had 4 spell levels left.
You didn't know any spells.
Your spell library was empty.

Dungeon Overview and Level Annotations

Branches:
Dungeon (3/15)

Altars:


Innate Abilities, Weirdness & Mutations

You have a pair of horns on your head.
You reflexively headbutt those who attack you in melee.


Message History

You hit the orc.
The orc is heavily wounded.
The orc hits you but does no damage.
You hit the orc.
The orc is almost dead.
The orc closely misses you.
You hit the orc but do no damage.
The orc is almost dead.
The orc barely misses you. You furiously retaliate!
You headbutt the orc!
You kill the orc!
You closely miss something. Your headbutt misses something.
Something hits you but does no damage.
You barely miss something. Something hits you but does no damage.
You closely miss something. You headbutt something.
You hear some strange, mumbled words.
A magic dart appears from out of thin air!
The magic dart hits you. Something hits you.
You barely miss something. Your headbutt misses something. Something hits you.
You completely miss something. Something hits you but does no damage.
You hit something. Something hits you but does no damage.
The orc priest invokes the aid of Beogh against you.
Beogh smites you!
You barely miss something. Something hits you.
Something hits you but does no damage.
You closely miss something. Your headbutt misses something.
You hear some strange, mumbled words.
A magic dart appears from out of thin air!
The magic dart hits you!
* * * LOW HITPOINT WARNING * * *
You hit something. Something hits you but does no damage.
You miss something. Something hits you but does no damage.
You hit something. Your headbutt misses something. Something hits you.
* * * LOW HITPOINT WARNING * * *
Something hits you.
* * * LOW HITPOINT WARNING * * *
It was a potion of degeneration.
There was something very wrong with that liquid.
You feel weakened.
You feel dopey.
You feel clumsy. Something hits you.
You die...

#.##.# #.#.# #.#.. #.##.#
##.#.# #.#.. #.##.# #..<.# #
#.#o# #.##.# #.#..#
..###.#o## #.##.# #.#..#
#.......o# #.##.####.#..#
#........# #..#..)......#
#........######...#####.#.##
........oo{@............#.#
.#.......#####....#######.#
#.......# #....# #........
.........
....<.#########...### .#####
##.## ..# ##


You could see an orc priest and an orc.

Vanquished Creatures
  A hound (D:2)
  An orc priest (D:3)
  Jessica (D:2)
  Terence (D:2)
  4 adders (D:2)
  3 worms (D:2)
  2 dart slugs (D:1)
  2 orcs (D:3)
  3 ball pythons
  5 endoplasms
  11 goblins
  6 hobgoblins
  3 jackals
  3 kobolds (D:2)
  4 quokkas
  4 bats
  5 frilled lizards
  7 rats
66 creatures vanquished.

Notes
Turn   | Place    | Note
-------+----------+-------------------------------------------
     0 | D:1      | Peloso the Minotaur Fighter began the quest for the Orb.
     0 | D:1      | Reached XP level 1. HP: 19/19 MP: 0/0
   157 | D:1      | Reached XP level 2. HP: 27/27 MP: 1/1
   719 | D:1      | Reached XP level 3. HP: 32/33 MP: 2/2
   819 | D:2      | Reached skill level 4 in Armour
  1065 | D:2      | Noticed Jessica
  1073 | D:2      | Killed Jessica
  1074 | D:2      | Reached XP level 4. HP: 19/40 MP: 3/3
  1334 | D:2      | Reached skill level 1 in Dodging
  1343 | D:2      | Reached XP level 5. HP: 17/47 MP: 4/4
  1364 | D:2      | Reached skill level 5 in Armour
  1849 | D:2      | Noticed Terence
  1860 | D:2      | Killed Terence
  2085 | D:3      | Slain by an orc wizard

Illustrated notes

Levels and vault maps discovered:
D:1:      tarquinn_simple_flora_water_e, layout_loops_ring, minivault_23
D:2:      minmay_recursive_quarters, layout_basic, corexii_leaking_fountain,
          uniq_jessica, uniq_terence
D:3:      layout_loops_ring, dk_vineyard_3, fountainhead, minmay_joined_circles

Skill      XL: |  1  2  3  4  5 |
---------------+----------------+-----
Long Blades    | 3 4 |  4.1
Fighting       | 4 |  4.6
Armour         | 4 5 |  5.5
Shields        | 4 |  4.1
Dodging        | 1 |  1.9

Action                   |  1- 3 |  4- 6 || total
-------------------------+-------+-------++-------
Melee: Long sword        |    71 |   100 ||   171
       Headbutt          |     5 |    14 ||    19
  Use: Potion            |       |     1 ||     1
Armor: Scale mail        |    45 |    40 ||    85
Dodge: Dodged            |    46 |    39 ||    85
Block: Buckler           |    27 |    15 ||    42
